 Dungeon Crawl Stone Soup version 0.23.2-40-g277498a001 (webtiles) character file.

Game seed: 11688215099797150757

75 Descartes the Skirmisher (level 4, -8/37 HPs)
             Began as a Formicid Abyssal Knight on Sept 22, 2019.
             Was a Follower of Lugonu.
             Mangled by Crazy Yiuf
             ... wielding a +4 quarterstaff of chaos
              (12 damage)
             ... on level 2 of the Dungeon.
             The game lasted 00:04:56 (1535 turns).

Descartes the Skirmisher (Formicid Abyssal Knight)  Turns: 1535, Time: 00:04:57

Health: -8/37      AC:  6    Str: 16    XL:     4   Next: 55%
Magic:  6/6        EV: 10    Int: 12    God:    Lugonu [*.....]
Gold:   211        SH:  0    Dex: 11    Spells: 3/3 levels left

rFire    . . .     SeeInvis +   e - +2 spear (freeze)
rCold    . . .     Gourm    .   (no shield)
rNeg     . . .     Faith    .   s - +0 scale mail
rPois    .         Spirit   .   (helmet unavailable)
rElec    .         Reflect  .   (no cloak)
rCorr    .         Harm     .   (no gloves)
MR       .....                  (no boots)
Stlth    ..........             (no amulet)
HPRegen  0.12/turn              (no ring)
MPRegen  0.10/turn              (no ring)

@: very slightly contaminated, lightly drained
A: permanent stasis, dig shafts and tunnels, four strong arms, antennae 3
a: Dig, Shaft Self, Depart the Abyss, Renounce Religion


You were on level 2 of the Dungeon.
You worshipped Lugonu.
Lugonu was aware of your devotion.
You were not hungry.

You visited 1 branch of the dungeon, and saw 2 of its levels.
You visited the Abyss 1 time.

You collected 211 gold pieces.

Inventory:

Hand Weapons
 a - a +1 falchion
 e - a +2 spear of freezing (weapon)
 n - a +0 hunting sling
Missiles
 d - 57 stones (quivered)
 j - 6 curare-tipped needles
 k - 19 bolts
 m - 31 sling bullets
 q - 28 arrows
Armour
 b - a +0 leather armour
 s - a +0 scale mail (worn)
Scrolls
 i - a scroll of identify
 o - 2 scrolls of remove curse
 r - a scroll of blinking {unknown}
Potions
 f - 3 potions of curing
 h - a potion of invisibility
 l - a potion of brilliance
Comestibles
 c - 3 rations
 g - 3 chunks of flesh


   Skills:
 + Level 3.9(3.5) Fighting
 - Level 2.0(1.6) Long Blades
 + Level 3.1(2.7) Armour
 + Level 1.8(1.5) Dodging
 + Level 0.2(0.0) Stealth
 + Level 3.2(2.8) Invocations


You had 3 spell levels left.
You didn't know any spells.
Your spell library was empty.

Dungeon Overview and Level Annotations

Branches:
Dungeon (2/15)

Altars:

Annotations:
D:2 Crazy Yiuf


Innate Abilities, Weirdness & Mutations

You cannot be hasted, slowed, berserked, paralysed or teleported.
You can dig through walls and to a lower floor.
Your four strong arms can wield two-handed weapons with a shield.
You have a pair of large antennae on your head. (SInv)


Message History

Crazy Yiuf is lightly wounded.
Crazy Yiuf closely misses you.
You flicker for a moment.
Crazy Yiuf laughs, "Liver!
Trifle disdain shoe."
Crazy Yiuf whimpers, "Paint!
Gum canine water."
You flicker back into view.
Crazy Yiuf says, "I'm not crazy!"
Crazy Yiuf screams, "Adder Xom bush!"
Crazy Yiuf waves his quarterstaff at you.
Crazy Yiuf says, "Action sow sing!"
Crazy Yiuf cries, "Adder!
Fluff ragdoll sizzlefizz."
Crazy Yiuf says, "Hack eyeball unthinkable!"
Crazy Yiuf screams, "Whiteboard!
Two senile koolooloo."
Some of the chunks of flesh in your inventory have rotted away.
Crazy Yiuf hits you with a +4 quarterstaff of chaos!
* * * LOW HITPOINT WARNING * * *
You closely miss Crazy Yiuf.
Crazy Yiuf is lightly wounded.
Crazy Yiuf hits you with a +4 quarterstaff of chaos!
You die...

##########
#....@g..#
#####
#.######.#
#..)#
#.....g..#
#...#
#..####..###
...
##.........#
#'#
######..#.#
## ♣♣.♣
#######..#.#
.# ♣g♣♣
#........#.#
.# ♣♣.♣
#.#####....#


You could see Crazy Yiuf.

Vanquished Creatures
  Jessica (D:2)
  A gnoll (D:1)
  2 worms (D:2)
  2 giant cockroaches
  4 goblins (D:1)
  2 hobgoblins (D:1)
  5 jackals (D:1)
  A ball python (D:2)
  4 bats
  5 kobolds
  8 rats
35 creatures vanquished.

Notes
Turn   | Place    | Note
-------+----------+-------------------------------------------
     0 | Abyss:1  | Descartes the Formicid Abyssal Knight began the quest for
                  | the Orb.
     0 | Abyss:1  | Reached XP level 1. HP: 18/18 MP: 2/2
    59 | Abyss:2  | Noticed a small abomination
   121 | Abyss:4  | Noticed a small abomination
   126 | Abyss:4  | Noticed a neqoxec
   132 | D:1      | Escaped the Abyss
   156 | D:1      | Noticed an electric eel
   187 | D:1      | Reached * piety under Lugonu
   187 | D:1      | Reached skill level 1 in Dodging
   304 | D:1      | Reached XP level 2. HP: 24/24 MP: 3/3
   461 | D:1      | Reached XP level 3. HP: 19/29 MP: 4/4
  1236 | D:2      | Noticed Jessica
  1244 | D:2      | Killed Jessica
  1244 | D:2      | Reached XP level 4. HP: 37/37 MP: 6/6
  1473 | D:2      | Found a runed translucent door.
  1474 | D:2      | Noticed Crazy Yiuf
  1535 | D:2      | Mangled by Crazy Yiuf

Skill      XL: |  1  2  3 |
---------------+----------+-----
Dodging        | 1 |  1.8
Armour         | 3 |  3.1
Invocations    | 3 |  3.2
Fighting       | |  3.9
Long Blades    | |  2.0
Stealth        | |  0.2

Action                   |  1- 3 |  4- 6 || total
-------------------------+-------+-------++-------
Melee: Spear             |    81 |    16 ||    97
Invok: Depart the Abyss  |     1 |       ||     1
  Use: Scroll            |     3 |     2 ||     5
 Stab: Sleeping          |     3 |       ||     3
  Eat: Chunk             |     1 |     1 ||     2
Armor: Leather armour    |    17 |     2 ||    19
       Scale mail        |       |     1 ||     1
Dodge: Dodged            |    29 |     9 ||    38
